 Dungeon Crawl Stone Soup version 0.26-a0-830-g2a559e7be2 (webtiles) character file.

Game seed: 8952809986460211290

98620 Gaden the Geomancer (level 16, -5/99 HPs)
             Began as a Gargoyle Earth Elementalist on Nov 15, 2020.
             Was the Champion of Vehumet.
             Slain by a tentacle (8 damage)
             ... attached to a kraken
             ... on level 3 of the Abyss.
             The game lasted 01:22:50 (29122 turns).

Gaden the Geomancer (Gargoyle Earth Elementalist)  Turns: 29122, Time: 01:22:51

Health: -5/99      AC: 29    Str: 12    XL:     16   Next: 22%
Magic:  9/30       EV: 15    Int: 27    God:    Vehumet [******]
Gold:   2177       SH:  0    Dex:  9    Spells: 10/35 levels left

rFire    + . .     SeeInvis +   H - +7 flail (vorpal)
rCold    . . .     Faith    .   (no shield)
rNeg     + + .     Spirit   .   U - +3 leather armour {rF+}
rPois    ∞         Reflect  .   (no helmet)
rElec    +         Harm     .   i - +2 cloak
rCorr    .         Rampage  .   N - +2 pair of gloves {Dex+3}
MR       +....                  D - +0 pair of boots
Stlth    +.........             m - amulet of magic regeneration
HPRegen  0.26/turn              f - +4 ring of protection
MPRegen  0.47/turn              C - ring of Biduik {rN+ Int+4 Dex-4 SInv}

@: flying, studying Ice Magic
A: big wings, claws 1, deformed body, negative energy resistance 1, screaming 1,
electricity resistance, unbreathing, petrification resistance, rot immunity,
MP-powered wands, AC +12
a: Stop Flying, Renounce Religion


You were on level 3 of the Abyss.
You worshipped Vehumet.
Vehumet was exalted by your worship.
You visited 4 branches of the dungeon, and saw 22 of its levels.
You visited the Abyss 1 time.
You also visited: Bailey, Ice Cave and Volcano.

You collected 2302 gold pieces.
You spent 125 gold pieces at shops.

Inventory:

Hand Weapons
 d - a +1 dire flail of holy wrath
 H - a +7 vorpal flail (weapon)
 T - a +2 great mace of flaming
Missiles
 b - 647 stones (quivered)
Armour
 i - a +2 cloak (worn)
 r - a +2 robe of cold resistance
 D - a +0 pair of boots (worn)
 N - a +2 pair of gloves of dexterity (worn)
 U - a +3 leather armour of fire resistance (worn)
Magical Staves
 F - an uncursed staff of fire
Jewellery
 f - a +4 ring of protection (left hand)
 m - an amulet of magic regeneration (around neck)
 B - an uncursed ring of fire
 C - the ring of Biduik (right hand) {rN+ Int+4 Dex-4 SInv}
   (You found it on level 6 of the Dungeon)

   [ring of dexterity]

   It affects your intelligence (+4).
   It affects your dexterity (-4).
   It protects you from negative energy.
   It lets you see invisible.
 V - an uncursed ring of resist corrosion
Wands
 p - a wand of acid (8)
 x - a wand of enslavement (10)
 y - a wand of digging (5)
 A - a wand of flame (12)
 G - a wand of iceblast (30)
 K - a wand of random effects (18)
 O - a wand of paralysis (23)
 P - a wand of disintegration (15)
 W - a wand of polymorph (16)
Scrolls
 k - 17 scrolls of remove curse
 o - 6 scrolls of fear
 q - 8 scrolls of teleportation
 v - 4 scrolls of fog
 w - a scroll of blinking
 E - 5 scrolls of amnesia
 I - 6 scrolls of identify
 R - a scroll of brand weapon
Potions
 a - 3 potions of ambrosia
 c - a potion of flight
 e - a potion of attraction
 g - 2 potions of resistance
 h - 5 potions of curing
 j - a potion of haste
 l - a potion of lignification
 n - 5 potions of invisibility
 s - 5 potions of brilliance
 z - 5 potions of might
 J - 3 potions of cancellation
 Q - 5 potions of berserk rage
 S - a potion of magic
Books
 L - a manual of Ice Magic
 M - a manual of Ice Magic
Miscellaneous
 t - a box of beasts
 u - a tin of tremorstones (2/2)


   Skills:
 + Level 10.8 Fighting
 + Level 10.0 Maces & Flails
 - Level 6.0 Armour
 + Level 8.7 Dodging
 - Level 2.1 Stealth
 + Level 10.4 Spellcasting
 + Level 11.8 Conjurations
   Level 0.7 Transmutations
 * Level 7.8 Fire Magic
 + Level 13.3 Earth Magic
 + Level 9.0 Evocations


You had 10 spell levels left.
You knew the following spells:

 Your Spells              Type           Power        Failure   Level
a - Sandblast             Erth           ######       0%          1
b - Stone Arrow           Conj/Erth      ######       1%          3
c - Lee's Rapid Deconstr  Erth           ######....   1%          5
d - Bolt of Magma         Conj/Fire/Erth ######....   1%          5
e - Fireball              Conj/Fire      ######....   1%          5
f - Starburst             Conj/Fire      ######....   4%          6

Your spell library contained the following spells:

 Spells                   Type           Power        Failure   Level
 Iskenderun's Battlesphe  Conj           ######..     1%          5
 Freeze                   Ice            ##..         1%          1
 Passwall                 Tmut/Erth      ######..     1%          2
 Ignite Poison            Fire/Tmut/Pois ####....     1%          3
 Petrify                  Tmut/Erth      ######..     2%          4
 Sting                    Tmut/Pois      ###.         4%          1
 Summon Small Mammal      Summ           ##..         4%          1
 Blink                    Tloc           N/A          8%          2
 Call Imp                 Summ           ##......     8%          2
 Ensorcelled Hibernation  Hex/Ice        ##....       8%          2
 Call Canine Familiar     Summ           ##......     16%         3
 Summon Guardian Golem    Hex/Summ       ##......     16%         3
 Passage of Golubria      Tloc           N/A          45%         4
 Summon Ice Beast         Ice/Summ       ##......     45%         4
 Summon Lightning Spire   Summ/Air       ##......     45%         4
 Summon Demon             Summ           ##........   80%         5
 Summon Forest            Summ/Tloc      ##........   80%         5
 Summon Mana Viper        Hex/Summ       ##......     80%         5
 Ignition                 Fire           ######....   95%         8
 Hydra Form               Tmut           ###.......   99%         6
 Dispersal                Tloc           ##........   100%        6
 Shadow Creatures         Summ           N/A          100%        6
 Dragon Form              Tmut           ###.......   100%        7
 Malign Gateway           Summ/Tloc      ##........   100%        7
 Monstrous Menagerie      Summ           ##........   100%        7
 Summon Greater Demon     Summ           ##........   100%        7
 Summon Hydra             Summ           ##........   100%        7
 Disjunction              Tloc           ##........   100%        8
 Summon Horrible Things   Summ           ##........   100%        8


Dungeon Overview and Level Annotations

Branches:
Dungeon (13/15)            Temple (1/1) D:6            Lair (6/6) D:9
  Swamp (0/4) Lair:2        Snake (0/4) Lair:2        Slime (0/5) Lair:6
    Orc (2/2) D:9          Vaults (0/5) D:13         Bailey (visited)
  IceCv (visited)         Volcano (visited)
    Elf: Orc:2

Altars:
Ashenzari
Cheibriados
Dithmenos
Elyvilon
Fedhas
Gozag
Hepliaklqana
Kikubaaqudgha
Makhleb
Nemelex Xobeh
Okawaru
Qazlal
Ru
Sif Muna
Trog
Uskayaw
Vehumet
Wu Jian
Xom
Yredelemnul
Zin
The Shining One
Jiyva

Shops:
D:7 ?   D:11 [

Annotations:
D:13 Azrael


Innate Abilities, Weirdness & Mutations

You are resistant to torment.
Your stone body is resilient. (AC +12)
You are immune to poison.
Your large and strong wings let you fly indefinitely.
You resist negative energy. (rN+)
You are resistant to electric shocks. (rElec)
You can survive without breathing.
You are immune to petrification.
You are immune to rotting.
You have sharp fingernails.
Armour fits poorly on your strangely shaped body.
You occasionally shout uncontrollably at your foes.
You expend magic power (3 MP) to strengthen your wands.


Message History

The tentacle misses you. The tentacle slaps you.
* * * LOW HITPOINT WARNING * * *
The tentacle is engulfed in a cloud of scalding steam.
The tentacle slaps you but does no damage.
A tentacle rises from the water!
Unknown command.
Unknown command.
Casting: Bolt of Magma (mildly dangerous; 1% risk of failure)
Confirm with . or Enter, or press ? or * to list all spells.
Press: ? - help, Shift-Dir - straight line, f - kraken
Aim: a kraken (water, severely wounded, covered in acid)
The bolt of magma misses the tentacle.
The bolt of magma hits the kraken!!
The kraken is severely wounded.
The tentacle slaps you!
* * * LOW HITPOINT WARNING * * *
The tentacle slaps you but does no damage.
The kraken squirts a massive cloud of ink into the water!
The tentacle is engulfed in a cloud of scalding steam.
The tentacle slaps you!
You die...

####.# ##.
#.≈≈≈.##... ###.
..≈≈≈.. #......
..≈≈≈.. #.....
..≈≈≈.. ..... #
# ≈≈≈≈≈§≈ ##..#
# ≈≈≈≈wX§ #..###
≈≈§§w§w###.....
.
...∩..w@h..#†.#.
. #
...#########.###
# ... ### # #. .
. . . . ... ..
## # . . #...# #
.# ## . . # . .
. . ## # .


You could see a kraken (corroded), 4 tentacles and a hell hound.

Vanquished Creatures
  A tentacled starspawn (Abyss:2)
  An orc warlord (Orc:2)
  Josephine (D:11)
  A great orb of eyes (Abyss:2)
  8 hydras
  An ice dragon (Lair:6)
  2 vault guards (D:13)
  A boulder beetle (Lair:4)
  A ghost crab (Abyss:3)
  2 death yaks (Lair:5)
  4 two-headed ogres
  2 thrashing horrors
  A fire crab (Abyss:3)
  An unseen horror (D:11)
  3 wizards (D:13)
  2 lindwurms (Lair:6)
  3 orc knights
  Pikel (D:4)
  A necromancer (IceCv)
  An orange crystal statue (D:10)
  A wolf spider (Lair:6)
  A cyclops (D:12)
  A deep elf mage (D:10)
  4 oklob plants
  3 manticores
  An orc sorcerer (Orc:1)
  A salamander (Volcano)
  A stone giant skeleton (Abyss:3)
  11 elephants (Lair:6)
  A rust devil (Abyss:2)
  A guardian serpent (Lair:6)
  17 cane toads
  5 torpor snails (Lair:6)
  A gargoyle (D:11)
  10 black mambas
  4 centaur zombies
  2 ice statues
  A centaur skeleton (D:11)
  12 komodo dragons
  A rime drake (Lair:1)
  4 kobold demonologists
  10 freezing wraiths (IceCv)
  6 ice devils
  2 ancient zymes
  2 polar bears
  2 trolls
  3 tyrant leeches (Lair:6)
  9 hornets (Lair:6)
  Grinder (D:5)
  12 dream sheep
  21 blink frogs
  4 large abominations
  A raiju (Abyss:2)
  A shadow (D:12)
  Sigmund (D:4)
  2 small abominations (Abyss:2)
  A ynoxinul (Abyss:3)
  24 wyverns
  9 wraiths
  64 yaks
  2 redbacks (Lair:6)
  Grum (D:11)
  A death yak simulacrum (IceCv)
  2 fire bats (Volcano)
  A chaos spawn (Abyss:2)
  3 basilisks
  A fire elemental (D:12)
  18 humans (D:13)
  3 vampire mosquitoes
  Menkaure (D:5)
  23 water moccasins
  A soldier ant (D:10)
  2 acid dragons
  6 nagas (Lair:2)
  2 hell hounds (Volcano)
  A floating eye (Lair:6)
  7 phantoms
  21 orc warriors
  7 ice beasts
  An eye of draining (D:13)
  5 black bears
  4 boggarts (D:13)
  2 sky beasts
  7 wolves
  A necrophage (D:10)
  8 ogres
  9 centaurs
  A lemure (D:4)
  5 big kobolds
  A gnoll sergeant (D:7)
  8 bullfrogs
  2 wyvern skeletons
  A water moccasin skeleton (D:8)
  4 scorpions
  2 elephant simulacra (IceCv)
  2 electric eels (D:10)
  A howler monkey (D:5)
  11 wights
  3 draconian simulacra (IceCv)
  A bullfrog zombie (D:12)
  3 jellies
  2 quasits
  A gnoll shaman (D:3)
  9 hounds
  5 bullfrog skeletons
  16 orc priests
  2 iron imps (Abyss:2)
  Crazy Yiuf (D:2)
  4 iguanas
  31 orc wizards
  8 worker ants
  4 troll simulacra (IceCv)
  A polar bear simulacrum (IceCv)
  5 spriggan simulacra (IceCv)
  2 centaur simulacra (IceCv)
  3 hound skeletons
  A howler monkey zombie (D:9)
  9 gnolls
  9 adders
  A howler monkey skeleton (D:9)
  4 naga simulacra (IceCv)
  2 ogre simulacra (IceCv)
  A shadow imp (D:6)
  17 white imps
  7 ufetubi (D:8)
  2 oozes (D:3)
  An adder skeleton (D:4)
  2 adder zombies (D:8)
  2 worms
  A dart slug (D:3)
  3 leopard geckos
  85 orcs
  A ball python (D:2)
  10 bats
  5 giant cockroaches
  10 goblins
  10 hobgoblins
  13 jackals
  44 kobolds
  5 quokkas
  3 frilled lizards
  A jackal skeleton (D:5)
  8 rats
  A tentacle (Abyss:3)
833 creatures vanquished.

Vanquished Creatures (collateral kills)
  2 ice devils (D:8)
  An orc wizard (D:6)
  2 gnolls (Bailey)
  A goblin (Bailey)
6 creatures vanquished.

Vanquished Creatures (others)
  A two-headed ogre (Volcano)
  A centaur (Volcano)
  A bullfrog (D:13)
  A wight (D:13)
  An orc (D:9)
  A bush (Lair:6)
  24 fungi
  113 plants
  2 starspawn tentacles (Abyss:2)
  4 tentacles (Abyss:3)
149 creatures vanquished.

Grand Total: 988 creatures vanquished

Notes
Turn   | Place    | Note
-------+----------+-------------------------------------------
     0 | D:1      | Gaden the Gargoyle Earth Elementalist began the quest for
                  | the Orb.
     0 | D:1      | Reached XP level 1. HP: 10/10 MP: 3/3
   290 | D:1      | Reached XP level 2. HP: 15/15 MP: 3/5
   311 | D:1      | Reached skill level 4 in Earth Magic
  1102 | D:1      | Reached XP level 3. HP: 15/19 MP: 6/6
  1273 | D:1      | Learned a level 3 spell: Stone Arrow
  1416 | D:2      | You fall into a shaft and drop 2 floors!
  1432 | D:4      | Noticed an ogre
  1437 | D:4      | Killed an ogre
  1438 | D:4      | Reached skill level 1 in Conjurations
  1438 | D:4      | Reached skill level 5 in Earth Magic
  1438 | D:4      | Reached XP level 4. HP: 24/24 MP: 5/8
  1483 | D:4      | Found an ornate altar of the Wu Jian Council.
  1626 | D:3      | Reached XP level 5. HP: 28/28 MP: 9/9
  1640 | D:3      | Learned a level 5 spell: Lee's Rapid Deconstruction
  1819 | D:2      | Found a runed translucent door.
  1820 | D:2      | Noticed Crazy Yiuf
  1829 | D:2      | Killed Crazy Yiuf
  2685 | D:3      | Reached XP level 6. HP: 32/32 MP: 8/11
  3283 | D:4      | Reached skill level 6 in Earth Magic
  3292 | D:4      | Noticed Sigmund
  3296 | D:4      | Killed Sigmund
  3297 | D:4      | Reached XP level 7. HP: 36/36 MP: 9/13
  3776 | D:4      | Reached skill level 7 in Earth Magic
  4479 | D:5      | Entered Level 5 of the Dungeon
  4479 | D:5      | Noticed Menkaure
  4479 | D:5      | Noticed Pikel
  4483 | D:5      | Reached skill level 1 in Fighting
  4483 | D:5      | Reached skill level 5 in Spellcasting
  4483 | D:5      | Reached XP level 8. HP: 36/43 MP: 10/15
  4724 | D:4      | Killed Pikel
  4725 | D:4      | Reached skill level 1 in Maces & Flails
  4725 | D:4      | Reached skill level 1 in Armour
  4725 | D:4      | Reached skill level 5 in Conjurations
  4725 | D:4      | Reached skill level 1 in Evocations
  4861 | D:5      | Killed Menkaure
  4973 | D:5      | Noticed Grinder
  4980 | D:5      | Killed Grinder
  4981 | D:5      | Reached XP level 9. HP: 49/49 MP: 8/17
  5577 | D:5      | Found a white marble altar of Elyvilon.
  5577 | D:5      | Found an opulent altar of Gozag.
  6086 | D:5      | Found a hazy altar of Hepliaklqana.
  6181 | D:6      | Reached skill level 8 in Earth Magic
  6184 | D:6      | Got a heavily runed bone ring
  6185 | D:6      | Identified the cursed ring of Biduik {rN+ Int+4 Dex-4 SInv}
                  | (You found it on level 6 of the Dungeon)
  6290 | D:6      | Found a staircase to the Ecumenical Temple.
  6303 | Temple   | Entered the Ecumenical Temple
  6484 | D:7      | Found a flagged portal.
  6495 | Bailey   | Entered a bailey
  6510 | Bailey   | Gained mutation: Your body sometimes deteriorates upon
                  | taking damage. [potion of mutation]
  6510 | Bailey   | Gained mutation: Your mind is acute. (Int +2) [potion of
                  | mutation]
  6512 | Bailey   | Lost mutation: Your mind is acute. (Int +2) [potion of
                  | mutation]
  6512 | Bailey   | Lost mutation: Your body sometimes deteriorates upon taking
                  | damage. [potion of mutation]
  6512 | Bailey   | Gained mutation: Your body sometimes deteriorates upon
                  | taking damage. [potion of mutation]
  6512 | Bailey   | Gained mutation: Your body often deteriorates upon taking
                  | damage. [potion of mutation]
  6512 | Bailey   | Gained mutation: You have large cloven feet. [potion of
                  | mutation]
  7203 | Bailey   | Noticed an orc knight
  7298 | Bailey   | Identified Fyufohoymn's Handbook of the Voyage
  7459 | D:7      | Reached XP level 10. HP: 56/56 MP: 19/19
  7638 | D:7      | Found Aloret's Magic Scroll Emporium.
  7679 | D:7      | Bought a scroll of immolation for 35 gold pieces
  7679 | D:7      | Bought a scroll of immolation for 35 gold pieces
  7679 | D:7      | Bought a scroll of identify for 20 gold pieces
  7679 | D:7      | Bought a scroll of fear for 35 gold pieces
  8477 | D:8      | Noticed an ice statue
  8484 | D:8      | Killed an ice statue
  8887 | D:8      | Reached skill level 5 in Fighting
  8887 | D:8      | Reached skill level 9 in Earth Magic
  8898 | D:8      | Reached skill level 5 in Armour
  9378 | D:8      | Found a stormy altar of Qazlal.
  9867 | D:9      | Reached XP level 11. HP: 64/64 MP: 8/20
 10131 | D:9      | Found a staircase to the Orcish Mines.
 10213 | D:9      | Found a staircase to the Lair.
 10266 | D:9      | Found a radiant altar of Vehumet.
 10272 | D:9      | Became a worshipper of Vehumet
 10294 | D:9      | Found a sparkling altar of Nemelex Xobeh.
 10947 | D:9      | Found an iron altar of Okawaru.
 11031 | D:10     | Entered Level 10 of the Dungeon
 11126 | D:10     | Noticed an orange crystal statue
 11129 | D:10     | Killed an orange crystal statue
 11130 | D:10     | Reached skill level 5 in Maces & Flails
 11409 | D:10     | Noticed a five-headed hydra
 11417 | D:10     | Killed a five-headed hydra
 11501 | D:10     | Noticed a deep elf mage
 11512 | D:10     | Killed a deep elf mage
 11558 | D:10     | Got a flickering glass ring
 11560 | D:10     | Identified the ring "Kotzai" {rPois rF+ MR+++ Int-2 Slay-6}
                  | (You found it on level 10 of the Dungeon)
 11605 | D:10     | Reached skill level 5 in Dodging
 11656 | D:10     | Reached * piety under Vehumet
 11656 | D:10     | Offered knowledge of Foxfire by Vehumet.
 11889 | D:10     | Lost mutation: Your body often deteriorates upon taking
                  | damage. [potion of mutation]
 11889 | D:10     | Lost mutation: Your body sometimes deteriorates upon taking
                  | damage. [potion of mutation]
 11889 | D:10     | Gained mutation: You are weak. (Str -2) [potion of
                  | mutation]
 11889 | D:10     | Gained mutation: You have sharp fingernails. [potion of
                  | mutation]
 13382 | D:11     | Reached skill level 5 in Evocations
 13461 | D:11     | Noticed a manticore
 13697 | D:11     | Noticed Josephine
 13700 | D:11     | Reached skill level 10 in Earth Magic
 13713 | D:11     | Reached XP level 12. HP: 41/71 MP: 2/23
 13714 | D:11     | Killed Josephine
 13902 | D:11     | Noticed a two-headed ogre
 13905 | D:11     | Killed a two-headed ogre
 13915 | D:11     | Reached ** piety under Vehumet
 13915 | D:11     | Offered knowledge of Freeze by Vehumet.
 14116 | D:11     | Found Aluuc's Armour Shop.
 14116 | D:11     | Noticed Grum
 14125 | D:11     | Killed Grum
 15022 | D:12     | Offered knowledge of Searing Ray by Vehumet.
 15276 | D:12     | Reached *** piety under Vehumet
 16038 | D:13     | Reached skill level 11 in Earth Magic
 16038 | D:13     | Reached XP level 13. HP: 43/78 MP: 12/25
 16139 | D:13     | Offered knowledge of Fulminant Prism by Vehumet.
 16281 | D:13     | Found a frozen archway.
 16296 | IceCv    | Entered an ice cave
 16323 | IceCv    | Reached **** piety under Vehumet
 16365 | IceCv    | Offered knowledge of Lightning Bolt by Vehumet.
 17120 | IceCv    | Found an ancient bone altar of Kikubaaqudgha.
 17126 | IceCv    | Reached ***** piety under Vehumet
 17126 | IceCv    | Offered knowledge of Bolt of Magma by Vehumet.
 17507 | D:13     | Noticed a vault guard
 17521 | D:13     | Reached skill level 10 in Conjurations
 17521 | D:13     | Killed a vault guard
 17558 | D:13     | Noticed a vault guard
 17562 | D:13     | Killed a vault guard
 17709 | D:13     | Found a gate to the Vaults.
 18029 | D:13     | Noticed Azrael
 18585 | Lair:1   | Entered Level 1 of the Lair of Beasts
 18620 | Lair:1   | Gained mutation: Your large and strong wings let you fly
                  | indefinitely. [Gargoyle growth]
 18620 | Lair:1   | Reached XP level 14. HP: 71/86 MP: 12/27
 18645 | Lair:1   | Learned a level 5 spell: Bolt of Magma
 18870 | Lair:1   | Lost mutation: You are weak. (Str -2) [potion of mutation]
 18870 | Lair:1   | Lost mutation: You have large cloven feet. [potion of
                  | mutation]
 18870 | Lair:1   | Gained mutation: Scrolls take you a little longer to read.
                  | [potion of mutation]
 18870 | Lair:1   | Gained mutation: Your spells are a little harder to cast,
                  | but a little more powerful. [potion of mutation]
 18871 | Lair:1   | Lost mutation: Scrolls take you a little longer to read.
                  | [potion of mutation]
 18871 | Lair:1   | Lost mutation: Your spells are a little harder to cast, but
                  | a little more powerful. [potion of mutation]
 18871 | Lair:1   | Gained mutation: Armour fits poorly on your strangely
                  | shaped body. [potion of mutation]
 18871 | Lair:1   | Gained mutation: You occasionally shout uncontrollably at
                  | your foes. [potion of mutation]
 18871 | Lair:1   | Gained mutation: You expend magic power (3 MP) to
                  | strengthen your wands. [potion of mutation]
 19483 | Lair:1   | Reached skill level 1 in Fire Magic
 19810 | Lair:2   | Reached skill level 12 in Earth Magic
 20202 | Lair:2   | Found a staircase to the Swamp.
 20268 | Lair:2   | Found a staircase to the Snake Pit.
 20469 | Lair:2   | Offered knowledge of Conjure Ball Lightning by Vehumet.
 20888 | Lair:3   | Found a dark tunnel.
 20900 | Volcano  | Entered a volcano
 22211 | Lair:4   | Learned a level 5 spell: Fireball
 22218 | Lair:4   | Learned a level 6 spell: Starburst
 22429 | Lair:4   | Identified Buisyek's Tome of the Unstable Frostbite
 24317 | Lair:6   | Entered Level 6 of the Lair of Beasts
 24321 | Lair:6   | Reached XP level 15. HP: 52/92 MP: 21/28
 24430 | Lair:6   | Reached skill level 5 in Fire Magic
 24477 | Lair:6   | Reached skill level 10 in Fighting
 25176 | Lair:6   | Offered knowledge of Yara's Violent Unravelling by Vehumet.
 25283 | Lair:6   | Reached skill level 10 in Spellcasting
 25593 | Lair:6   | Reached ****** piety under Vehumet
 26005 | Lair:6   | Reached skill level 13 in Earth Magic
 26477 | Lair:6   | Found a runed translucent door.
 27043 | Lair:6   | Found a viscous altar of Jiyva.
 27044 | Lair:6   | Found a staircase to the Slime Pits.
 27270 | Orc:1    | Entered Level 1 of the Orcish Mines
 27445 | Orc:2    | Entered Level 2 of the Orcish Mines
 27596 | Orc:2    | Offered knowledge of Iskenderun's Battlesphere by Vehumet.
 27613 | Orc:2    | Noticed an orc warlord
 27624 | Orc:2    | Killed an orc warlord
 28008 | Orc:1    | Paralysed by an orc sorcerer for 3 turns
 28015 | Orc:1    | Reached XP level 16. HP: 79/99 MP: 20/30
 28200 | Orc:1    | Paralysed by an orc sorcerer for 7 turns
 28204 | Orc:1    | Cast into level 2 of the Abyss (orc warrior)
 28306 | Abyss:2  | Noticed a tentacled starspawn
 28321 | Abyss:2  | Killed a tentacled starspawn
 28346 | Abyss:2  | Noticed a daeva
 29011 | Abyss:3  | Noticed a kraken
 29024 | Abyss:3  | Reached skill level 10 in Maces & Flails
 29116 | Abyss:3  | Noticed a tentacled monstrosity
 29122 | Abyss:3  | HP: 3/99 [tentacle[a kraken] (12)]
 29122 | Abyss:3  | Slain by a tentacle

Illustrated notes

Levels and vault maps discovered:
D:1:      heliophobic_arrival_enchanted_forest, layout_basic,
          minmay_split_cup_large
D:2:      layout_basic, uniq_crazy_yiuf_cottage
D:3:      layout_basic
D:4:      cheibrodos_thug_alley, layout_loops_corners, pf_just_have_faith,
          uniq_sigmund
D:5:      lemuel_upstairs_altar, layout_cave_pools,
          gammafunk_temple_overflow_statue, uniq_grinder, uniq_menkaure,
          uniq_pikel
D:6:      layout_basic, minmay_temple_entry_wispy, hangedman_decor_peaks_small
D:7:      minmay_angry_zag, layout_cave_pools, serial_shops,
          nicolae_shop_temple_entry_statues_fountains, enter_bailey_5,
          grunt_decor_one_mirror, moated_statue, minivault_26,
          kennysheep_generic_room_12
D:8:      cheibrodos_frozen_isle, layout_cave_pods, kennysheep_little_box
D:9:      minmay_curly_fans, layout_loops_cross, lemuel_round_altar,
          vehumet_crystals, kennysheep_mini, hiddenorc2_lemuel,
          minmay_misc_feat_doors, minivault_11
D:10:     minmay_the_grid_four_pointed_star
          [minmay_the_grid_triangle_9x9_skeleton,
          minmay_the_grid_triangle_9x9_minimal,
          minmay_the_grid_triangle_9x9_negative_grid,
          minmay_the_grid_triangle_9x9_odd_lines,
          minmay_the_grid_prize_four_corners_diamond_b], layout_basic,
          minmay_statues_item, minmay_statue_bubble
D:11:     layout_big_octagon, serial_shops,
          nicolae_shop_temple_entry_statues_fountains, uniq_josephine, uniq_grum
D:12:     layout_rooms, st_stairs_9
D:13:     layout_basic, grunt_vaults_entry_tiered,
          portal_ice_cave_demonic_guard, minmay_fractal_squares_gapless_5,
          uniq_azrael
Temple:   nicolae_temple_x_marks_the_god
Lair:1:   layout_cave_pods, minmay_lair_oklob_chamber
Lair:2:   layout_chaotic_city, swamp_mist, minmay_snake_entry_guardpost_medium,
          eino_small_chamber_without_monster, chequers_serial_rivers_room_a
Lair:3:   layout_regular_city, lightli_volcano_entry_magma_tube
Lair:4:   layout_cave_shapes, lemuel_fruit_tree
Lair:5:   layout_small_grid, beast_lair_carwin_7
Lair:6:   wormcave, layout_cave_pods, hangedman_lair_tendril_chambers,
          slime_altar_1, disabler_island, infiniplex_staircase_pool_2
Orc:1:    layout_diamond_mine, serial_shops, shop, mines2_david
Orc:2:    st_orc_mages, layout_diamond_mine
Abyss:3:  base: D:12, evilmike_nicolae_abyss_rune_betentacled_crabyss,
          evilmike_abyss_rune_siren_acolytes,
          evilmike_nicolae_abyss_rune_betentacled_crabyss

Skill      XL: |  1  2  3  4  5  6  7  8  9 10 11 12 13 14 15 16 |
---------------+-------------------------------------------------+-----
Earth Magic    | 4 5 6 7 8 9 10 11 12 13 | 13.3
Spellcasting   | 3 4 5 6 7 8 9 10 | 10.4
Conjurations   | 1 2 4 5 6 7 8 9 10 11 | 11.8
Fighting       | 1 2 4 5 6 8 9 10 | 10.8
Maces & Flails | 2 3 4 5 7 8 9 10 | 10.0
Armour         | 2 3 5 6 |  6.0
Dodging        | 2 3 4 5 6 7 8 |  8.7
Evocations     | 2 3 4 5 6 7 8 9 |  9.0
Fire Magic     | 4 7 |  7.8
Stealth        | |  2.1
Transmutations | |  0.7

Action                   |  1- 3 |  4- 6 |  7- 9 | 10-12 | 13-15 | 16-18 || total
-------------------------+-------+-------+-------+-------+-------+-------++-------
Melee: Unarmed           |    12 |       |       |       |       |       ||    12
       Club              |    66 |       |       |       |       |       ||    66
       Short sword       |     3 |   139 |    19 |       |       |       ||   161
       Dagger            |       |       |    64 |       |       |       ||    64
       Whip              |       |       |    85 |   248 |       |       ||   333
       Kick              |       |       |     3 |    67 |    27 |       ||    97
       Flail             |       |       |       |   344 |   553 |    68 ||   965
       Staff             |       |       |       |       |    12 |       ||    12
 Cast: Sandblast         |    13 |    44 |    88 |    89 |    71 |     2 ||   307
       Stone Arrow       |       |       |    32 |    84 |    58 |    63 ||   237
       Lee's Rapid Decon |       |       |     4 |    46 |   100 |     6 ||   156
       Bolt of Magma     |       |       |       |       |   105 |     9 ||   114
       Starburst         |       |       |       |       |    29 |     6 ||    35
       Fireball          |       |       |       |       |     1 |       ||     1
 Abil: Fly               |       |       |       |       |     1 |       ||     1
Evoke: Wand              |       |       |    10 |    13 |     7 |     4 ||    34
       Tin of tremorston |       |       |       |     2 |     1 |       ||     3
       Box of beasts     |       |       |       |       |     1 |       ||     1
  Use: Scroll            |     4 |     6 |     9 |    17 |    11 |     5 ||    52
       Potion            |       |       |     6 |     3 |     5 |     6 ||    20
 Stab: Sleeping          |     2 |     2 |       |     1 |     1 |       ||     6
       Distracted        |       |       |       |       |     1 |       ||     1
Armor: Robe              |    48 |    67 |   150 |   379 |   179 |       ||   823
       Leather armour    |       |       |       |       |   325 |    83 ||   408
Dodge: Dodged            |    95 |    96 |   161 |   362 |   660 |    97 ||  1471

Table legend: (Time is in decaauts)
 A = Elapsed time spent in this place.
 B = Non-inter-level travel time spent in this place.
 C = Inter-level travel time spent in this place.
 D = Time resting spent in this place.
 E = Time spent auto-exploring this place.
 F = Levels seen in this place.
 G = Mean time per level.
                   A        B        C        D        E       F      G
               +--------+--------+--------+--------+--------+-----+--------+
         Total |  29241 |  28334 |    907 |   6900 |  14907 |  27 | 1083.0 |
       Dungeon |  16690 |  16092 |    598 |   3292 |   9118 |  13 | 1283.8 |
        Temple |     56 |     49 |      7 |      0 |     49 |   1 |   56.0 |
          Lair |   8361 |   8069 |    292 |   1500 |   5169 |   6 | 1393.5 |
  Orcish Mines |    929 |    921 |      8 |    449 |    256 |   2 |  464.5 |
         Abyss |    913 |    913 |      0 |    364 |    130 |   2 |  456.5 |
        Bailey |    850 |    850 |      0 |    624 |      0 |   1 |  850.0 |
      Ice Cave |   1126 |   1126 |      0 |    612 |    128 |   1 | 1126.0 |
       Volcano |    313 |    313 |      0 |     59 |     57 |   1 |  313.0 |
               +--------+--------+--------+--------+--------+-----+--------+

Top non-repeatable levels by time:
    D:10: 2608 daAuts
  Lair:6: 2595 daAuts
     D:4: 1932 daAuts
    D:12: 1829 daAuts
  Lair:5: 1787 daAuts
     D:8: 1590 daAuts
     D:9: 1382 daAuts
     D:1: 1355 daAuts
  Lair:1: 1245 daAuts
   IceCv: 1126 daAuts
  Lair:3: 1062 daAuts
    D:13: 1043 daAuts
     D:5: 1003 daAuts
    D:11: 987 daAuts
  Lair:2: 918 daAuts
